 Dungeon Crawl Stone Soup version 0.20.0-15-g7f486f2 (webtiles) character file.

109 Naow the Digger (level 4, -1/24 HPs)
             Began as a Deep Elf Earth Elementalist on June 10, 2017.
             Slain by a killer bee (6 damage)
             ... on level 3 of the Dungeon.
             The game lasted 00:03:14 (1922 turns).

Naow the Digger (Deep Elf Earth Elementalist)       Turns: 1922, Time: 00:03:15

Health: -1/24      AC:  2    Str:  4 (5)  XL:     4   Next: 59%
Magic:  12/12      EV: 12    Int: 18 (21) God:
Gold:   30         SH:  0    Dex: 12 (15) Spells: 6/12 levels left

rFire    . . .     SeeInvis .   (no weapon)
rCold    . . .     Gourm    .   (no shield)
rNeg     . . .     Faith    .   c - +0 robe
rPois    .         Spirit   .   (no helmet)
rElec    .         Reflect  .   (no cloak)
rCorr    .         Harm     .   (no gloves)
MR       .....                  (no boots)
Stlth    ++........             (no amulet)
Regen    0.1/turn               (no ring)
MPRegen  0.2/turn               (no ring)

@: no status effects
A: no striking features
a: no special abilities


You were on level 3 of the Dungeon.
You were not hungry.

You visited 1 branch of the dungeon, and saw 3 of its levels.

You collected 30 gold pieces.

Inventory:

Missiles
 b - 17 stones (quivered)
Armour
 c - a +0 robe (worn)
 f - a +0 cloak
Scrolls
 g - a scroll of random uselessness {unknown}
 i - a scroll of fog {unknown}
 j - a scroll of recharging {unknown}
 n - a scroll of amnesia {unknown}
 o - a scroll of identify {unknown}
Potions
 h - a potion of haste {unknown}
 k - a potion of degeneration
 l - a potion of mutation {unknown}
 m - a potion of lignification {unknown}
Books
 e - a book of Geomancy

   Spells                             Type                      Level
   a - Sandblast                      Earth                        1
   b - Passwall                       Transmutation/Earth          2
   c - Stone Arrow                    Conjuration/Earth            3
   d - Petrify                        Transmutation/Earth          4
   e - Lee's Rapid Deconstruction     Earth                        5
Comestibles
 a - a chunk of flesh
 d - 4 bread rations
 p - a meat ration


   Skills:
 - Level 2.4 Dodging
 - Level 2.4 Stealth
 + Level 4.6 Spellcasting
 - Level 1.1 Transmutations
 * Level 5.1 Earth Magic


You had 6 spell levels left.
You knew the following spells:

 Your Spells              Type           Power        Failure   Level  Hunger
a - Sandblast             Erth           ###...       1%          1    None
b - Stone Arrow           Conj/Erth      ##....       14%         3    ###....
c - Passwall              Tmut/Erth      ###.......   6%          2    #......


Dungeon Overview and Level Annotations

Branches:
Dungeon (3/15)

Altars:

Annotations:
D:2 Sigmund
D:3 kaze's ghost, amateur CeAM


Message History

Kaze's ghost is lightly damaged.
Kaze's ghost turns its malevolent gaze towards you.
b - 17 stones The leopard gecko hisses angrily.
You hear an angry buzzing noise.
You hear a shout!
You hear an angry buzzing noise. x3; You hear a shout! 2 killer bees come into view.
The killer bee moves out of view.
The killer bee stings you.
A killer bee comes into view.
The killer bee stings you.
A killer bee comes into view.
The killer bee stings you. The killer bee stings you.
The killer bee barely misses you.
A killer bee comes into view.
The killer bee stings you!
* * * LOW HITPOINT WARNING * * *
The killer bee closely misses you. The killer bee barely misses you.
The killer bee closely misses you. The killer bee stings you.
You die...

..........##
....#.....y.###
....#......y#
...........######
#..#.....>.....#######
#....#####...........#
##...# ##.....$.......
.#.....###.W.........)..
.......@yyy.............
.......###y.............
.#..... ................
....... ##..............
##..... #..............
#..... ##.............
#..... #.....#.....#
#..... #####


You could see 4 killer bees and kaze's ghost.

Vanquished Creatures
  Robin (D:2)
  An ooze (D:2)
  5 worms
  5 dart slugs
  A leopard gecko (D:2)
  5 bats
  2 giant cockroaches
  10 goblins
  13 hobgoblins
  7 jackals
  6 kobolds
  4 frilled lizards
  2 rats (D:1)
62 creatures vanquished.

Notes
Turn   | Place    | Note
-------+----------+-------------------------------------------
     0 | D:1      | Naow the Deep Elf Earth Elementalist began the quest for the Orb.
     0 | D:1      | Reached XP level 1. HP: 10/10 MP: 6/6
   191 | D:1      | Reached XP level 2. HP: 11/15 MP: 0/8
   679 | D:1      | Reached skill level 4 in Earth Magic
   859 | D:1      | Reached XP level 3. HP: 19/19 MP: 5/10
   864 | D:1      | Learned a level 3 spell: Stone Arrow
   867 | D:1      | Learned a level 2 spell: Passwall
  1467 | D:2      | Reached XP level 4. HP: 24/24 MP: 8/12
  1525 | D:2      | Noticed Robin
  1538 | D:2      | Killed Robin
  1538 | D:2      | Reached skill level 5 in Earth Magic
  1802 | D:2      | Noticed Sigmund
  1905 | D:3      | Noticed kaze's ghost (amateur CeAM)
  1922 | D:3      | Slain by a killer bee

Skill      XL: |  1  2  3  4 |
---------------+-------------+-----
Earth Magic    | 4 5 |  5.1
Spellcasting   | 4 |  4.6
Dodging        | |  2.4
Stealth        | |  2.4
Transmutations | |  1.1

Action                   |  1- 3 |  4- 6 || total
-------------------------+-------+-------++-------
Melee: Unarmed           |    33 |    20 ||    53
 Cast: Sandblast         |    51 |    30 ||    81
       Stone Arrow       |     4 |       ||     4
  Use: Potion            |       |     2 ||     2
  Eat: Chunk             |     2 |     1 ||     3
Armor: Robe              |    23 |    10 ||    33
Dodge: Dodged            |    58 |    28 ||    86
